 Dungeon Crawl Stone Soup version 0.30.1-3-gfc49f6343a (webtiles) character file.

Game seed: 14726598246351617638

396834 Peloso the Minotaur Barricade (level 22, -10/211 HPs)
             Began as a Minotaur Fighter on Aug 6, 2023.
             Was a High Priest of Okawaru.
             Mangled by a demonspawn corrupter
             ... wielding a +0 great sword
              (11 damage)
             ... in a wizard's laboratory.
             The game lasted 03:24:15 (64729 turns).

Peloso the Minotaur Barricade (Minotaur Fighter)   Turns: 64729, Time: 03:24:22

Health: -10/211    AC: 15    Str: 23 (27) XL:     22   Next: 20%
Magic:  24/24      EV:  8    Int:  5      God:    Okawaru [*****.]
Gold:   3791       SH: 37    Dex: 15      Spells: 21/21 levels left

rFire   . . .        a - +7 Throatcutter {drain, coup de grace}
rCold   + . .        d - +7 tower shield "Weopy" {rN++}
rNeg    + + .        C - +0 crystal plate armour {rC+}
rPois   +            L - +1 hat {Stlth+}
rElec   .            m - +2 cloak of Sodweo {Will+}
rCorr   .            u - +0 pair of gloves
SInv    .            V - +0 pair of boots "Umutz" {rPois}
Will    +++..        F - amulet "Ifumyipn" {Reflect -Cast Rampage Regen+ SH+5} Stlth
                     n - ring of willpower
HPRegen 1.35/turn    W - +4 ring of protection
MPRegen 0.19/turn

%: no spellcasting, reflection, rampage
@: corroded, on berserk cooldown, slowed, studying Polearms, very slow
A: horns 2, retaliatory headbutt, subdued magic 1
}: 2/15 runes: decaying, gossamer
a: Renounce Religion, Heroism, Finesse, Duel


You were in a wizard's laboratory.
You worshipped Okawaru.
Okawaru was extremely pleased with you.
You visited 8 branches of the dungeon, and saw 38 of its levels.
You also visited: Bailey, Ice Cave and Wizlab.

You collected 6447 gold pieces.
You spent 2656 gold pieces at shops.

Inventory:

Hand Weapons
 a - the +7 Throatcutter (weapon) {drain, coup de grace}
   (You found it on level 3 of the Dungeon)
 b - a +1 double sword of electrocution
 c - a +3 falchion of flaming
Armour
 d - the +7 tower shield "Weopy" (worn) {rN++}
   (Okawaru gifted it to you on level 1 of the Vaults)

   rN:        It greatly protects you from negative energy.
 m - the +2 cloak of Sodweo (worn) {Will+}
   (You found it on level 4 of the Lair of Beasts)

   Will:      It increases your willpower.
 u - a +0 pair of gloves (worn)
 w - the +18 shield of the Gong {Loud rN+ Will+ rCorr EV-5}
   (You found it in a bailey)

   Loud:      It is deafeningly noisy when blocking attacks.
   EV:        It affects your evasion (-5).
   rN:        It protects you from negative energy.
   rCorr:     It protects you from acid and corrosion.
   Will:      It increases your willpower.
 C - a +0 crystal plate armour of cold resistance (worn)
 L - a +1 hat of stealth (worn)
 O - a scarf of resistance
 V - the +0 pair of boots "Umutz" (worn) {rPois}
   (You bought it in a shop on level 2 of the Orcish Mines)

   rPois:     It protects you from poison.
Jewellery
 n - a ring of willpower (left hand)
 F - the amulet "Ifumyipn" (around neck) {Reflect -Cast Rampage Regen+ SH+5}
   (You took it off a deep elf master archer on level 3 of the Elven Halls)

   [amulet of reflection]

   It reflects blocked missile attacks.
   -Cast:     It prevents spellcasting.
   Regen:     It increases your rate of health regeneration.
   SH:        It affects your SH (+5).
   Rampage:   It bestows one free step when moving towards enemies.
 I - a ring of see invisible
 T - a ring of poison resistance
 W - a +4 ring of protection (right hand)
Wands
 g - a wand of roots (5)
 A - a wand of digging (15)
Scrolls
 r - 4 scrolls of immolation
 s - 4 scrolls of fear
 y - 3 scrolls of magic mapping
 z - 8 scrolls of teleportation
Potions
 e - 2 potions of mutation
 f - 2 potions of flight
 i - 4 potions of berserk rage
 j - 34 potions of curing
 k - 6 potions of might
 l - 4 potions of invisibility
 t - 5 potions of lignification
 M - a potion of heal wounds
 P - a potion of haste
 Q - 6 potions of resistance


   Skills:
 + Level 20.5 Fighting
 + Level 4.2(13.7) Short Blades
 + Level 21.4(21.6) Long Blades
 + Level 20.3 Armour
 + Level 6.0 Dodging
 + Level 2.8 Stealth
 O Level 27 Shields
 + Level 4.5 Invocations
 + Level 0.8 Evocations


You had 21 spell levels left.
You didn't know any spells.
Your spell library contained the following spells:

 Spells                   Type           Power      Damage    Failure   Level
 Apportation              Tloc           0%         N/A       100%        1
 Magic Dart               Conj           0%         1d3       100%        1
 Necrotise                Necr           0%         1d4       100%        1
 Sandblast                Erth           0%         2d4       100%        1
 Shock                    Conj/Air       0%         1d3       100%        1
 Blink                    Tloc           0%         N/A       100%        2
 Cigotuvi's Dreadful Rot  Necr/Pois/Air  0%         N/A       100%        2
 Lesser Beckoning         Tloc           0%         N/A       100%        2
 Momentum Strike          Conj/Tloc      0%         3d8       100%        2
 Passwall                 Tmut/Erth      0%         N/A       100%        2
 Searing Ray              Conj           0%         2d4       100%        2
 Static Discharge         Conj/Air       0%         2-2/arc   100%        2
 Confusing Touch          Hex            0%         N/A       100%        3
 Hailstorm                Conj/Ice       0%         3d3       100%        3
 Ignite Poison            Fire/Tmut/Pois 0%         N/A       100%        3
 Inner Flame              Hex/Fire       0%         N/A       100%        3
 Mephitic Cloud           Conj/Pois/Air  0%         N/A       100%        3
 Portal Projectile        Hex/Tloc       0%         N/A       100%        3
 Spider Form              Tmut/Pois      0%         N/A       100%        3
 Stone Arrow              Conj/Erth      0%         3d7       100%        3
 Swiftness                Air            0%         N/A       100%        3
 Airstrike                Air            0%         2d(0-16)  100%        4
 Anguish                  Hex/Necr       0%         N/A       100%        4
 Flame Wave               Conj/Fire      0%         2d4       100%        4
 Fulminant Prism          Conj/Hex       0%         3d5       100%        4
 Ice Form                 Ice/Tmut       0%         N/A       100%        4
 Leda's Liquefaction      Hex/Erth       0%         N/A       100%        4
 Passage of Golubria      Tloc           0%         N/A       100%        4
 Petrify                  Tmut/Erth      0%         N/A       100%        4
 Sticky Flame             Conj/Fire      0%         2d3       100%        4
 Borgnjor's Vile Clutch   Necr/Erth      0%         N/A       100%        5
 Freezing Cloud           Conj/Ice/Air   0%         6-21      100%        5
 Iskenderun's Battlesphe  Conj           0%         2d6       100%        5
 Lee's Rapid Deconstruct  Erth           0%         3d4*      100%        5
 Metabolic Englaciation   Hex/Ice        0%         N/A       100%        5
 Silence                  Hex/Air        0%         N/A       100%        5
 Iron Shot                Conj/Erth      0%         9d1       100%        6
 Statue Form              Tmut/Erth      0%         N/A       100%        6
 Orb of Destruction       Conj           0%         9d5       100%        7
 Ozocubu's Refrigeration  Ice            0%         4d7       100%        7
 Storm Form               Tmut/Air       0%         N/A       100%        7
 Borgnjor's Revivificati  Necr           0%         N/A       100%        8
 Lehudib's Crystal Spear  Conj/Erth      0%         10d2      100%        8
 Maxwell's Capacitive Co  Air            0%         ∞         100%        8
 Necromutation            Tmut/Necr      0%         N/A       100%        8
 Chain Lightning          Conj/Air       0%         N/A       100%        9
 Death's Door             Necr           0%         N/A       100%        9
 Fire Storm               Conj/Fire      0%         5d1       100%        9
 Polar Vortex             Ice            0%         N/A       100%        9
 Shatter                  Erth           0%         3d5*      100%        9
 Summon Small Mammal      Summ           Unusable   N/A       N/A         1
 Call Canine Familiar     Summ           Unusable   N/A       N/A         3
 Summon Guardian Golem    Hex/Summ       Unusable   N/A       N/A         3
 Animate Dead             Necr           Unusable   N/A       N/A         4
 Summon Lightning Spire   Summ/Air       Unusable   N/A       N/A         4
 Death Channel            Necr           Unusable   N/A       N/A         6
 Simulacrum               Ice/Necr       Unusable   N/A       N/A         6
 Spellforged Servitor     Conj/Summ      Unusable   N/A       N/A         7

Dungeon Overview and Level Annotations

Branches:
Dungeon (15/15)            Temple (1/1) D:6            Lair (5/5) D:9
  Swamp (4/4) Lair:3       Spider (4/4) Lair:2        Slime (0/5) Lair:4
    Orc (2/2) D:11            Elf (3/3) Orc:2        Vaults (4/5) D:13
  Crypt (0/3) Vaults:2     Depths (0/4) D:15         Bailey (visited)
  IceCv (visited)          WizLab (1/1)

Altars:
Ashenzari
Cheibriados
Dithmenos
Elyvilon
Fedhas
Gozag
Hepliaklqana
Kikubaaqudgha
Makhleb
Nemelex Xobeh
Okawaru
Qazlal
Ru
Sif Muna
Trog
Uskayaw
Vehumet
Wu Jian
Xom
Yredelemnul
Zin
The Shining One

Shops:
D:4 *?   D:8 :   D:11 (   D:12 :   Orc:1 [(   Orc:2 ?*[(   Vaults:1 (
Vaults:3 *

Annotations:
Lair:2 Casa
Lair:4 1 runed translucent door
Elf:2 3 runed translucent doors


Innate Abilities, Weirdness & Mutations

You have a pair of horns on your head.
You reflexively headbutt those who attack you in melee.
Your spells are a little easier to cast, but a little less powerful.


Message History

* * * LOW HITPOINT WARNING * * *
You block the demonspawn corrupter's attack. x2
A starcursed mass splits.
The mummy priest calls down the wrath of its god upon you.
Something smites you!
* * * LOW HITPOINT WARNING * * *
A starcursed mass splits.
The mummy priest calls on the powers of darkness!
The deep elf blademaster convulses!
The deep elf sorcerer convulses!
Your body is wracked with pain!
* * * LOW HITPOINT WARNING * * *
Something is bathed in an unholy light!
You hit the demonspawn corrupter.
Your headbutt misses the demonspawn corrupter.
The demonspawn corrupter is almost dead.
The mummy priest disappears in a puff of smoke!
Reactivating autopickup.
The wight disappears in a puff of smoke!
The mummy priest disappears in a puff of smoke!
You block something's attack.
Deactivating autopickup; reactivate with Ctrl-A.
You block the demonspawn corrupter's attack.
The demonspawn corrupter kicks you.
* * * LOW HITPOINT WARNING * * *
A starcursed mass splits.
You block the deep elf blademaster's attack.
The deep elf blademaster barely misses you.
You hit the demonspawn corrupter but do no damage.
The demonspawn corrupter is almost dead.
You block something's attack.
The demonspawn corrupter mumbles some strange prayers to Lugonu against you.
The entropic weave corrodes you!
A starcursed mass splits.
You block the deep elf blademaster's attack.
The deep elf blademaster hits you with a +0 rapier!
* * * LOW HITPOINT WARNING * * *
A starcursed mass splits.
The demonspawn corrupter hits you with a +0 great sword!
* * * LOW HITPOINT WARNING * * *
The demonspawn corrupter kicks you!
You die...

#.~~~~~~)#.....8..).)...#
#.§§~~)))#..........#y..#
#.§§~~~.)'.......8..#D###
#..§.....'..........#...#
##########.....8....#w:w#
#'########X#####
#..§.§§..ww# #.{§§§.....X
#@####.## #Xte6# # #§XXe#


#.XXXX #'#### #: # You could see 7 starcursed masses, a deep elf blademaster
(summoned), a demonspawn corrupter, a deep elf sorcerer (summoned, fast) and an
apocalypse crab (summoned).

Vanquished Creatures
  Arachne (Spider:3)
  A tentacled monstrosity (Swamp:4)
  Rupert (D:12)
  An acid blob (WizLab)
  2 deep elf blademasters (Elf:3)
  Frances (D:14)
  A thorn hunter (Swamp:3)
  2 deep elf master archers (Elf:3)
  Agnes (Lair:2)
  Kirke (Spider:2)
  Donald (Swamp:3)
  Roxanne (Spider:1)
  2 nagarajas (WizLab)
  7 ghost moths
  7 deep elf sorcerers
  5 vault wardens
  5 emperor scorpions
  An iron dragon (Vaults:3)
  2 deep elf elementalists (Elf:3)
  Louise (Spider:2)
  A broodmother (Spider:2)
  An orc warlord (Orc:1)
  2 war gargoyles
  2 demonspawn corrupters (WizLab)
  2 very ugly things (Swamp:4)
  7 ironbound preservers
  3 ironbound thunderhulks
  2 stone giants
  4 deep elf demonologists (Elf:3)
  3 deep elf annihilators (Elf:3)
  2 eleionomae
  5 bunyips
  Azrael (Elf:1)
  12 dire elephants
  2 green deaths (Swamp:4)
  2 merfolk javelineers (WizLab)
  A fire dragon (D:15)
  Josephine (Orc:2)
  3 deep elf high priests
  5 entropy weavers
  2 shambling mangroves
  A rakshasa (D:11)
  Erolcha (D:10)
  5 yaktaur captains
  5 great orbs of eyes
  2 ghost crabs
  15 hydras
  A spriggan air mage (Swamp:3)
  3 jorogumos (Spider:3)
  10 ironbound frosthearts
  2 peacekeepers
  6 vault guards
  3 radroaches
  A merfolk aquamancer (WizLab)
  5 centaur warriors
  6 boulder beetles
  22 dancing weapons
  11 alligators
  Urug (D:13)
  7 orc high priests
  4 two-headed ogres
  A thrashing horror (Swamp:4)
  A tengu warrior (D:12)
  Nergalle (Lair:2)
  A skyshark (Lair:3)
  17 deep elf knights
  A hell knight (WizLab)
  A fire crab (Lair:5)
  3 sun moths
  5 pharaoh ants
  Lodul (D:10)
  6 goliath frogs
  5 spriggan druids
  2 glowing orange brains (Vaults:3)
  5 swamp dragons
  21 deep trolls
  10 orb spiders
  18 wizards
  8 bog bodies
  8 necromancers
  7 orc knights
  18 deep elf archers
  7 ironbound convokers
  6 steelbarb worms
  19 deep elf zephyrmancers
  33 deep elf pyromancers
  7 harpies
  An orc sorcerer (Orc:1)
  7 worldbinders (WizLab)
  21 ugly things
  4 will-o-the-wisps
  A manticore (shapeshifter) (D:14)
  24 wolf spiders
  A stone giant skeleton (Vaults:2)
  3 manticores
  2 cyclopes
  9 black mambas
  2 human skeletons
  4 moths of wrath
  14 elephants
  A guardian serpent (Lair:5)
  7 demonic crawlers
  3 naga magi (D:15)
  15 vault sentinels
  2 water nymphs (WizLab)
  Joseph (D:9)
  13 cane toads
  A guardian serpent (shapeshifter) (D:15)
  4 orange demons (Swamp:4)
  A human zombie (Vaults:2)
  8 torpor snails
  A yaktaur zombie (Vaults:3)
  2 ice statues (IceCv)
  2 gargoyles
  3 rime drakes
  Psyche (D:10)
  3 centaur skeletons (D:15)
  2 unseen horrors
  A komodo dragon (shapeshifter) (D:13)
  6 komodo dragons
  A freezing wraith (IceCv)
  2 yaktaurs (Vaults:1)
  A kobold demonologist (D:12)
  2 tengu conjurers
  7 trolls
  3 polar bears
  21 tarantellas
  A meliai (shapeshifter) (WizLab)
  18 hornets
  A merfolk (shapeshifter) (WizLab)
  9 tyrant leeches
  5 blink frogs (Lair:2)
  A deep troll zombie (Vaults:3)
  28 culicivoras
  46 jumping spiders
  30 slime creatures
  A centaur simulacrum (D:15)
  3 air elementals
  An ettin skeleton (Vaults:3)
  A shadow (Swamp:4)
  4 water elementals
  5 wraiths
  An elf simulacrum (Vaults:2)
  2 vampires
  5 spriggans
  7 fire elementals (Elf:1)
  13 wyverns
  68 redbacks
  44 yaks
  A large abomination (Swamp:4)
  4 steam dragons
  19 humans
  4 hogs (Spider:2)
  An elf skeleton (Vaults:3)
  9 swamp worms
  4 basilisks
  A glowing shapeshifter zombie (Vaults:2)
  12 vampire mosquitoes
  Menkaure (D:4)
  25 water moccasins
  A warg (Orc:1)
  A floating eye (WizLab)
  A hell hound (Elf:1)
  2 swamp drakes (Lair:3)
  2 sky beasts (D:7)
  16 ogres
  2 boggarts (Elf:1)
  31 orc warriors
  A hornet zombie (D:15)
  A black bear (shapeshifter) (D:13)
  9 centaurs
  12 wolves
  6 black bears
  5 kobold brigands
  3 earth elementals
  13 bullfrogs
  2 scorpions (D:6)
  A cane toad simulacrum (IceCv)
  An elephant simulacrum (IceCv)
  14 killer bees
  5 howler monkeys
  8 vampire bats (Bailey)
  4 electric eels
  7 wolf zombies (Bailey)
  A jelly (D:6)
  2 hounds
  32 orc priests
  A sleepcap (D:6)
  3 iguanas
  Ijyb (D:3)
  Natasha (thrice) (D:2)
  Terence (D:3)
  23 orc wizards
  3 polar bear simulacra
  7 gnolls
  5 adders
  A shadow imp (D:6)
  2 white imps (D:6)
  A worm (D:2)
  87 orcs
  5 ball pythons
  9 endoplasms
  4 giant cockroaches
  11 goblins
  7 hobgoblins
  3 jackals (D:3)
  3 quokkas
  6 bats
  2 frilled lizards
  24 kobolds
  19 orc zombies (Bailey)
  6 rats
1432 creatures vanquished.

Vanquished Creatures (others)
  Asterion (Spider:2)
  A nagaraja (WizLab)
  A deep elf sorcerer (WizLab)
  3 deep elf knights
  An orb spider (Spider:1)
  A bog body (Swamp:1)
  A deep elf archer (Elf:1)
  A wizard (Vaults:3)
  A deep elf zephyrmancer (Elf:3)
  3 deep elf pyromancers
  A manticore (D:15)
  5 bloated husks
  A jumping spider (Spider:1)
  Sigmund (D:3)
  3 spriggans
  2 redbacks (Spider:2)
  18 foxfires
  4 starspawn tentacles (WizLab)
49 creatures vanquished.

Grand Total: 1481 creatures vanquished

Notes
Turn   | Place    | Note
-------+----------+-------------------------------------------
     0 | D:1      | Peloso the Minotaur Fighter began the quest for the Orb.
     0 | D:1      | Reached XP level 1. HP: 19/19 MP: 0/0
   279 | D:1      | Reached XP level 2. HP: 27/27 MP: 1/1
   587 | D:1      | Reached skill level 4 in Shields
   837 | D:2      | Noticed Natasha
   842 | D:2      | Killed Natasha
   843 | D:2      | Reached XP level 3. HP: 24/33 MP: 2/2
   947 | D:2      | Noticed Natasha
   967 | D:2      | Killed Natasha
   968 | D:2      | Reached XP level 4. HP: 6/40 MP: 3/3
  1020 | D:2      | Noticed Natasha
  1025 | D:2      | Killed Natasha
  1764 | D:3      | Reached XP level 5. HP: 47/47 MP: 4/4
  1770 | D:3      | Noticed Terence
  1785 | D:3      | Killed Terence
  2013 | D:3      | Noticed Sigmund
  2014 | D:3      | Noticed Ijyb
  2027 | D:3      | Killed Sigmund
  2028 | D:3      | Reached skill level 5 in Long Blades
  2028 | D:3      | Reached skill level 5 in Armour
  2028 | D:3      | Reached skill level 1 in Dodging
  2028 | D:3      | Reached XP level 6. HP: 33/53 MP: 5/5
  2041 | D:3      | Killed Ijyb
  2320 | D:3      | Found the +7 Throatcutter {drain, coup de grace}
  2458 | D:3      | Found a faded altar of an unknown god.
  2592 | D:4      | Found Nobresch's Magic Scroll Emporium.
  2597 | D:4      | Bought a scroll of magic mapping for 82 gold pieces
  2618 | D:4      | Noticed Menkaure
  2769 | D:4      | Killed Menkaure
  2772 | D:4      | Reached skill level 5 in Shields
  2823 | D:4      | Found Loczarom's Overcharged Wands.
  2842 | D:4      | Reached skill level 5 in Fighting
  2842 | D:4      | Reached XP level 7. HP: 53/61 MP: 6/6
  3628 | D:5      | Entered Level 5 of the Dungeon
  3718 | D:5      | Reached skill level 1 in Stealth
  3727 | D:5      | Reached XP level 8. HP: 70/70 MP: 7/7
  3856 | D:5      | Identified the +8 hand axe of Devotion {heavy, rPois rN+
                  | Str+4 Dex-5 Stlth+}
  4655 | D:6      | Found a staircase to the Ecumenical Temple.
  4663 | D:6      | Reached skill level 6 in Shields
  4668 | Temple   | Entered the Ecumenical Temple
  5010 | D:6      | Found a glowing silver altar of Zin.
  5302 | D:7      | Identified the staff of air "Hehy" {rElec rPois Will+++
                  | MP+9 Str-3}
  5421 | D:7      | Noticed a hornet
  5428 | D:7      | Killed a hornet
  5429 | D:7      | Reached XP level 9. HP: 78/78 MP: 8/8
  5466 | D:7      | Reached skill level 10 in Long Blades
  5585 | D:7      | Killed an unseen horror
  6175 | D:8      | Found a glowing golden altar of the Shining One.
  6234 | D:8      | Found Melynk's Book Shop.
  6374 | D:8      | Found a basalt altar of Yredelemnul.
  6374 | D:8      | Found a stormy altar of Qazlal.
  6398 | D:8      | Reached XP level 10. HP: 78/86 MP: 9/9
  7274 | D:9      | Reached skill level 10 in Armour
  7494 | D:9      | Reached skill level 7 in Shields
  7509 | D:9      | Found a staircase to the Lair.
  7907 | D:9      | Noticed Joseph
  7922 | D:9      | Killed Joseph
  8294 | D:9      | Found an iron altar of Okawaru.
  8302 | D:9      | Became a worshipper of Warmaster Okawaru
  8747 | D:10     | Entered Level 10 of the Dungeon
  8750 | D:10     | Found a bloodstained altar of Trog.
  8755 | D:10     | Identified the +3 dagger of Tyisom {distort, +Blink rElec
                  | rF+ rC+}
  8838 | D:10     | Noticed Lodul
  8841 | D:10     | Found a sparkling altar of Nemelex Xobeh.
  8845 | D:10     | Killed Lodul
  8845 | D:10     | Reached * piety under Okawaru
  8846 | D:10     | Reached XP level 11. HP: 59/95 MP: 10/10
  8900 | D:10     | Noticed Erolcha
  8915 | D:10     | Killed Erolcha
  9014 | D:10     | Found a flagged portal.
  9028 | Bailey   | Entered a bailey
  9256 | Bailey   | Found the +3 pair of seven-league boots {Rampage+∞}
  9471 | Bailey   | Reached ** piety under Okawaru
  9485 | Bailey   | Found the +18 shield of the Gong {Loud rN+ Will+ rCorr
                  | EV-5}
  9511 | Bailey   | Reached skill level 8 in Shields
 10920 | D:10     | Noticed Psyche
 10926 | D:10     | Killed Psyche
 11023 | D:10     | Noticed a two-headed ogre
 11028 | D:10     | Killed a two-headed ogre
 11036 | D:10     | Reached *** piety under Okawaru
 11037 | D:10     | Reached skill level 9 in Shields
 11996 | D:11     | Noticed a rakshasa
 11997 | D:11     | Noticed a boulder beetle
 12005 | D:11     | Reached skill level 10 in Fighting
 12164 | D:11     | Noticed a two-headed ogre
 12179 | D:11     | Killed a two-headed ogre
 12262 | D:11     | Killed a rakshasa
 12262 | D:11     | Reached **** piety under Okawaru
 12263 | D:11     | Reached skill level 10 in Shields
 12271 | D:11     | Killed a boulder beetle
 12272 | D:11     | Reached XP level 12. HP: 65/106 MP: 11/11
 12309 | D:11     | Reached skill level 5 in Dodging
 12469 | D:11     | Found a staircase to the Orcish Mines.
 12758 | D:11     | Found Hahy's Antique Weapon Boutique.
 13379 | Lair:1   | Entered Level 1 of the Lair of Beasts
 13430 | Lair:1   | Reached ***** piety under Okawaru
 13930 | Lair:2   | Noticed an eight-headed hydra
 13951 | Lair:2   | Killed an eight-headed hydra
 13952 | Lair:2   | Reached skill level 11 in Shields
 14006 | Lair:2   | Received a gift from Okawaru
 14021 | Lair:2   | Noticed Nergalle
 14021 | Lair:2   | Noticed a six-headed hydra
 14052 | Lair:2   | Killed a six-headed hydra
 14091 | Lair:2   | Killed Nergalle
 14113 | Lair:2   | Reached skill level 12 in Shields
 14124 | Lair:2   | Reached skill level 1 in Short Blades
 14249 | Lair:2   | Found a frozen archway.
 14260 | IceCv    | Entered an ice cave
 14285 | IceCv    | Found a transporter.
 14304 | IceCv    | Found a transporter.
 14698 | Lair:2   | Found a hole to the Spider Nest.
 14985 | Lair:3   | Found a staircase to the Swamp.
 14995 | Lair:3   | Identified the scarf "Hanwogex" {+Inv, Int+5} (Okawaru
                  | gifted it to you on level 3 of the Lair of Beasts)
 14995 | Lair:3   | Received a gift from Okawaru
 15002 | Lair:3   | Reached skill level 15 in Long Blades
 15087 | Lair:3   | Got the Precepts of Remoulded Voltage
 15110 | Lair:3   | Reached skill level 13 in Shields
 15141 | Lair:3   | Reached XP level 13. HP: 116/116 MP: 12/12
 16088 | Orc:1    | Entered Level 1 of the Orcish Mines
 16109 | Orc:1    | Found Yneezuapn's Armour Shoppe.
 16646 | D:11     | Reached skill level 14 in Shields
 16785 | Orc:1    | Found Muxopoaf's Antique Weapon Shop.
 16820 | Orc:1    | Noticed an orc warlord
 16846 | Orc:1    | Killed an orc warlord
 17114 | Orc:2    | Entered Level 2 of the Orcish Mines
 17512 | Orc:2    | Received a gift from Okawaru
 17595 | Orc:2    | Noticed Josephine
 17626 | Orc:2    | Killed Josephine
 17627 | Orc:2    | Reached skill level 15 in Shields
 18175 | Orc:2    | Reached skill level 1 in Invocations
 18296 | Orc:2    | Reached skill level 16 in Shields
 18461 | Orc:1    | Identified the +1 scale mail of Proximity {Str+4} (Okawaru
                  | gifted it to you on level 1 of the Orcish Mines)
 18461 | Orc:1    | Received a gift from Okawaru
 18779 | Orc:2    | Found a staircase to the Elven Halls.
 18826 | Orc:2    | Found Ishru's Magic Scroll Boutique.
 18829 | Orc:2    | Found Mabraasi's Antique Armour Shop.
 18830 | Orc:2    | Found Kaocel's Antique Weapon Boutique.
 18831 | Orc:2    | Found Irphaddi's Assorted Antiques.
 18837 | Orc:2    | Bought a pair of jewelled boots for 285 gold pieces
 18837 | Orc:2    | Identified the +0 pair of boots "Umutz" {rPois} (You bought
                  | it in a shop on level 2 of the Orcish Mines)
 18857 | Orc:2    | Bought a scroll of acquirement for 884 gold pieces
 19192 | D:4      | Bought a scroll of acquirement for 572 gold pieces
 19775 | D:12     | Reached XP level 14. HP: 127/127 MP: 13/13
 19789 | D:12     | Noticed Rupert
 19804 | D:12     | Killed Rupert
 20134 | D:12     | Found Agag's Tremendous Tomes.
 20839 | Lair:4   | Identified the +2 cloak of Sodweo {Will+}
 21008 | Lair:4   | Found a runed translucent door.
 21356 | Lair:4   | Noticed an azure jelly
 21356 | Lair:4   | Noticed an azure jelly
 21356 | Lair:4   | Noticed an azure jelly
 21361 | Lair:4   | Found a staircase to the Slime Pits.
 21583 | Lair:5   | Entered Level 5 of the Lair of Beasts
 21646 | Lair:4   | Reached skill level 17 in Shields
 22979 | Lair:4   | Identified the +7 scimitar of Fatigue {venom, rC+ SInv}
                  | (Okawaru gifted it to you on level 4 of the Lair of Beasts)
 22979 | Lair:4   | Received a gift from Okawaru
 23386 | Lair:5   | Reached ****** piety under Okawaru
 23473 | Lair:5   | Reached skill level 18 in Shields
 23955 | Lair:5   | Identified the +0 hat of Muttered Phrases {Int+3} (Okawaru
                  | gifted it to you on level 5 of the Lair of Beasts)
 23955 | Lair:5   | Received a gift from Okawaru
 24990 | D:13     | Noticed Urug
 25021 | D:13     | Killed Urug
 25037 | D:13     | Reached XP level 15. HP: 113/137 MP: 15/15
 25210 | D:13     | Reached skill level 19 in Shields
 25887 | D:13     | Got Zeot's Essays on the Gift
 26063 | D:13     | Found a gate to the Vaults.
 26176 | D:13     | Found a white marble altar of Elyvilon.
 26235 | D:15     | Entered Level 15 of the Dungeon
 26283 | D:14     | Noticed Frances
 26296 | D:14     | Killed Frances
 26391 | D:14     | Identified the +0 hand axe of the Key {freeze, rPois}
 26457 | D:14     | Identified the +4 ring mail of Going Fast {rF- MP+9 Dex+3
                  | SInv} (Okawaru gifted it to you on level 14 of the Dungeon)
 26457 | D:14     | Received a gift from Okawaru
 28093 | D:15     | Reached skill level 20 in Shields
 28228 | D:15     | Found a staircase to the Depths.
 28487 | D:15     | Found a shimmering altar of Xom.
 28495 | D:15     | Found a shimmering altar of Xom.
 28495 | D:15     | Found a shimmering altar of Xom.
 28496 | D:15     | Found a shimmering altar of Xom.
 28496 | D:15     | Found a shimmering altar of Xom.
 28497 | D:15     | Found a shimmering altar of Xom.
 30514 | Spider:1 | Entered Level 1 of the Spider Nest
 30786 | Spider:1 | Noticed Agnes
 30855 | Lair:2   | Killed Agnes
 31159 | Lair:2   | Received a gift from Okawaru
 31458 | Spider:1 | Noticed Roxanne
 31498 | Spider:1 | Killed Roxanne
 31905 | Spider:1 | Reached XP level 16. HP: 147/147 MP: 16/16
 32052 | Spider:1 | Reached skill level 21 in Shields
 32292 | Swamp:1  | Entered Level 1 of the Swamp
 32632 | Swamp:1  | Identified the +12 great sword of Terra Cotta {freeze, rN+
                  | Int+2} (Okawaru gifted it to you on level 1 of the Swamp)
 32632 | Swamp:1  | Received a gift from Okawaru
 33016 | Elf:1    | Entered Level 1 of the Elven Halls
 33039 | Elf:1    | Paralysed by an air elemental for 1 turns
 33049 | Elf:1    | Noticed Azrael
 33072 | Elf:1    | Killed Azrael
 33795 | Elf:1    | Reached skill level 15 in Fighting
 33796 | Elf:1    | Reached skill level 15 in Armour
 33832 | Elf:1    | Identified the +1 robe of Vuhuu {rElec rC+ Int-3} (Okawaru
                  | gifted it to you on level 1 of the Elven Halls)
 33832 | Elf:1    | Received a gift from Okawaru
 33854 | Elf:1    | Reached skill level 22 in Shields
 34128 | Elf:1    | Paralysed by an air elemental for 1 turns
 37146 | Orc:2    | Bought a scroll of blinking for 127 gold pieces
 37146 | Orc:2    | Bought a scroll of blinking for 127 gold pieces
 37149 | Orc:2    | Bought a pair of glowing boots for 202 gold pieces
 37907 | Spider:2 | Noticed Kirke
 37934 | Spider:2 | Killed Kirke
 38105 | Spider:2 | Noticed Louise
 38130 | Spider:2 | Killed Louise
 38305 | Spider:2 | Received a gift from Okawaru
 38318 | Spider:2 | Reached XP level 17. HP: 101/156 MP: 17/17
 38872 | Spider:2 | Noticed Asterion
 38887 | Spider:2 | Gained mutation: Your spells are a little easier to cast,
                  | but a little less powerful. [a cacodemon]
 38899 | Spider:2 | Killed Asterion
 38900 | Spider:2 | Reached skill level 23 in Shields
 39500 | Swamp:2  | Reached XP level 18. HP: 166/166 MP: 17/19
 40607 | Swamp:3  | Noticed Donald
 40626 | Swamp:3  | Killed Donald
 41013 | Orc:2    | Bought a scroll of brand weapon for 161 gold pieces
 43110 | Elf:2    | Found a runed translucent gate.
 43110 | Elf:2    | Found a runed translucent gate.
 43110 | Elf:2    | Found a runed translucent gate.
 43113 | Elf:2    | Identified the +6 plate armour of Voxzoro {Rampage rC-
                  | rCorr Int+6} (Okawaru gifted it to you on level 2 of the
                  | Elven Halls)
 43113 | Elf:2    | Received a gift from Okawaru
 43438 | Elf:3    | Entered Level 3 of the Elven Halls
 43441 | Elf:3    | Reached skill level 24 in Shields
 44733 | Elf:3    | Identified the +5 sling "Yladatu" {antimagic, Dex+3}
 44881 | Elf:3    | Identified the +0 ring mail "Qyrrourre" {Contam rC+++ rCorr
                  | Stlth+}
 45556 | Swamp:4  | Entered Level 4 of the Swamp
 46902 | Swamp:4  | Reached XP level 19. HP: 174/174 MP: 20/20
 47828 | Swamp:4  | Got a decaying rune of Zot
 47839 | Swamp:4  | Received a gift from Okawaru
 48899 | Spider:3 | Reached skill level 25 in Shields
 50538 | Spider:3 | HP: 8/160 [jorogumo (16)]
 51401 | Spider:3 | Noticed Arachne
 51420 | Spider:3 | Killed Arachne
 51694 | Spider:4 | Entered Level 4 of the Spider Nest
 53622 | Spider:4 | Received a gift from Okawaru
 54556 | Spider:4 | Reached skill level 26 in Shields
 55620 | Spider:4 | Reached XP level 20. HP: 187/187 MP: 20/22
 55631 | Spider:4 | Got a gossamer rune of Zot
 55967 | Vaults:1 | Entered Level 1 of the Vaults
 55970 | Vaults:1 | Acquired 738 gold pieces
 56181 | Vaults:1 | Acquired 1105 gold pieces
 56781 | Elf:3    | Identified the ring "Surghon" {Fly rPois rC- Int+6}
 57066 | Elf:3    | Reached XP level 21. HP: 160/193 MP: 23/23
 57501 | Elf:3    | Identified the +4 long sword "Oluass" {venom, *Rage Int+5
                  | Stlth+}
 57546 | Elf:3    | Identified the +5 great mace of Day {flame, rCorr Str+3}
 57546 | Elf:3    | Identified the amulet "Muekh" {Acrobat Dex+2}
 57640 | Elf:3    | Identified the amulet "Ifumyipn" {Reflect -Cast Rampage
                  | Regen+ SH+5}
 57875 | Elf:3    | Found the +9 staff of Olgreb {rPois∞}
 57882 | Elf:3    | Got the Information on the Sphinx and the Adder
 59057 | Vaults:1 | Identified the +7 tower shield "Weopy" {rN++} (Okawaru
                  | gifted it to you on level 1 of the Vaults)
 59057 | Vaults:1 | Received a gift from Okawaru
 59189 | Vaults:1 | Found Ytureazyti's Weapon Shoppe.
 59390 | Vaults:1 | Reached skill level 27 in Shields
 60742 | Vaults:2 | Found a staircase to the Crypt.
 62140 | Vaults:3 | Received a gift from Okawaru
 62997 | Vaults:3 | Found Yraulenn's Assorted Antiques.
 63013 | Vaults:3 | Bought a potion of curing for 81 gold pieces
 63013 | Vaults:3 | Bought a potion of heal wounds for 135 gold pieces
 63346 | Vaults:3 | Identified the +7 quick blade "Killer Bee's Doom" {freeze,
                  | Str+3 Dex+5} (Okawaru gifted it to you on level 3 of the
                  | Vaults)
 63346 | Vaults:3 | Received a gift from Okawaru
 63872 | Vaults:4 | Found a magical portal.
 63881 | WizLab   | Entered Alistair's Party Mansion
 63892 | WizLab   | Reached XP level 22. HP: 209/209 MP: 24/24
 64397 | WizLab   | Noticed a golden dragon
 64397 | WizLab   | Noticed a golden dragon
 64729 | WizLab   | HP: 10/211 [deep elf blademaster/+0 rapier[a demonspawn
                  | corrupter] (7)]
 64729 | WizLab   | HP: 1/211 [demonspawn corrupter/+0 great sword (9)]
 64729 | WizLab   | Mangled by a demonspawn corrupter

Illustrated notes

Levels and vault maps discovered:
D:1:      saegor_arrival_simple_c, layout_loops_corners
D:2:      minmay_chambers_of_ones, layout_rooms, grunt_ministairs_2,
          kennysheep_small_spiral, uniq_natasha
D:3:      layout_basic, hellmonk_ecumenical_altar_arch_garden,
          dilly_guarded_unrand_throatcut, uniq_terence, uniq_ijyb, uniq_sigmund
D:4:      layout_basic, serial_shops, shop, dk_vineyard_3, kennysheep_diamond,
          grunt_ministairs_11, nicolae_shop_overcharged_wands, uniq_menkaure
D:5:      layout_loops_ring
D:6:      layout_rooms, zin_scriptorium, minmay_temple_entry_nine_rooms,
          st_stairs_5
D:7:      layout_loops_ring
D:8:      layout_loops_ring, tso_altar, gammafunk_temple_overflow_wave,
          serial_shops, nicolae_shop_competitors_out_of_business,
          kennysheep_minor_cross
D:9:      layout_layer_cave, mainiacjoe_overflow_surrounded_room,
          minmay_lair_entry_grove, nicolae_wwwww, uniq_joseph
D:10:     layout_basic, bloody_trog, old_standard_altar, serial_corexii_hall,
          corexii_hall_statues_l, corexii_hall_statues_l,
          corexii_hall_statues_i, chequers_hall_statues_wall_a, enter_bailey_6,
          minivault_19, uniq_psyche, uniq_lodul, uniq_erolcha
D:11:     layout_cave_pods, erik_orc_3, serial_shops,
          nicolae_shop_rolling_square
D:12:     layout_basic, chequers_serial_rivers_large_a, dreamdust_wishing_well,
          nicolae_shop_i_like_big_books, uniq_rupert
D:13:     layout_rooms, grunt_vaults_entry_tiered, nicolae_elyvilon_temple_path,
          uniq_urug
D:14:     layout_loops_ring, minmay_hedge_maze, kennysheep_generic_room_5,
          uniq_frances
D:15:     grunt_enter_depths_magical_seal, layout_irregular_city,
          xom_redecorated, minivault_20, minivault_1
Temple:   eino_wide_crystal_templ
Lair:1:   layout_misc_corridors
Lair:2:   layout_concentric_octagons, spider_nest_entry_rubble,
          portal_ice_cave_entry_ice_simulacra, uniq_nergalle
Lair:3:   layout_long_grid, skrybe_swamp_entry_bodies
Lair:4:   layout_regular_city, slime_entry_2, gammafunk_lair_bear_cave,
          lemuel_fruit_fields, serial_bayou_shore_a
Lair:5:   hangedman_lair_tendril_chambers, layout_gridlike
Swamp:1:  layout_basic_swamp, infiniplex_staircase_pool_2
Swamp:2:  layout_basic_swamp, evilmike_swamp_ruin_house_4
Swamp:3:  layout_falls_marsh, evilmike_swamp_ruin_house_6, uniq_donald
Swamp:4:  swamp_vile, layout_basic_swamp
Spider:1: layout_spider_delve, nicolae_spider_orb_run, uniq_agnes, uniq_roxanne
Spider:2: layout_chambers, uniq_asterion, uniq_kirke, uniq_louise
Spider:3: layout_spider_delve, nicolae_spider_world_wide_web, uniq_arachne
Spider:4: spider_rune_water
Orc:1:    layout_diamond_mine, serial_shops, nicolae_shop_trees,
          nicolae_shop_tiny_waterfront, elf_legates
Orc:2:    st_orc_pillars, layout_diamond_mine, basic_altar,
          nicolae_orc_rockfall, uniq_josephine
Elf:1:    eino_elf_arrival_sip, layout_loops_corners, hangedman_elf_disciples,
          uniq_azrael
Elf:2:    nicolae_elf_blades_splatter_lattice [nicolae_blade_entry_pointy_end],
          layout_onion_city
Elf:3:    elf_hall_gauntlet_wide, layout_rooms, grunt_megastairs_4
Vaults:1: ontoclasm_vaults_misaligned, v_misc_12, ontoclasm_vaults_ring_square,
          ontoclasm_vaults_twist, nicolae_vaults_closet_pinwheel_6,
          nicolae_vaults_more_shelving_1, ontoclasm_vaults_decontamination,
          ontoclasm_vaults_eye, layout_vaults_chaotic_city, serial_shops,
          nicolae_shop_crystal
Vaults:2: nicolae_vaults_tetromino_L_2, nicolae_vaults_diamond_1,
          v_alt_pattern_5, nicolae_vaults_bisected_inception,
          nicolae_vaults_security_offices_4, nicolae_vaults_surprise_closet,
          layout_vaults_omnigrid
Vaults:3: nicolae_vaults_shelves_hall, nicolae_vaults_wine_cellar,
          vaults_mumra_hex, vaults_mumra_lcd, nicolae_vaults_surprise_closet,
          v_misc_1, v_misc_15, v_misc_9, v_pattern_5,
          nicolae_vaults_circle_grid_a, nicolae_vaults_double_plus_2,
          nicolae_vaults_diffraction_hallways, nicolae_vaults_little_squares_6,
          nicolae_vaults_tetromino_L_2, vaults_dpeg_diagonal,
          layout_vaults_omnibox, serial_shops, shop
Vaults:4: mu_enter_wizlab_3, v_pattern_4, hangedman_vaults_river_flow,
          nicolae_vaults_trapezoid_1, hangedman_vaults_restitches,
          nicolae_vaults_little_squares_4,
          nicolae_vaults_antechamber_and_loot_room, v_rooms_3,
          hangedman_vaults_locks, nicolae_vaults_storage_closets_1,
          nicolae_vaults_storage_room_glass, layout_vaults_omnicross, uniq_jory
WizLab:   wizlab_alistair

Skill      XL: |  1  2  3  4  5  6  7  8  9 10 11 12 13 14 15 16 17 18 19 20 21 |
---------------+----------------------------------------------------------------+-----
Armour         | 4 5 7 9 10 11 12 13 14 15 16 17 18 20 | 20.3
Shields        | 4 5 6 7 10 13 16 18 20 22 23 24 26 27 | 27.0
Long Blades    | 3 4 5 6 7 9 11 13 14 15 16 17 18 19 21 | 21.4
Fighting       | 4 5 6 7 8 10 11 12 13 14 15 16 17 20 | 20.5
Dodging        | 1 2 3 4 6 |  6.0
Stealth        | 1 2 |  2.8
Short Blades   | 1 3 4 |  4.2
Invocations    | 1 2 3 4 |  4.5
Evocations     | |  0.8

Action                     |  1- 3 |  4- 6 |  7- 9 | 10-12 | 13-15 | 16-18 | 19-21 | 22-24 || total
---------------------------+-------+-------+-------+-------+-------+-------+-------+-------++-------
  Melee: Long sword        |    69 |   113 |   190 |   660 |  1251 |  1105 |  2042 |   237 ||  5667
         Headbutt          |     6 |    17 |    30 |   149 |   398 |   282 |   670 |    69 ||  1621
         Short sword       |       |       |       |    19 |    35 |    52 |    14 |       ||   120
         Double sword      |       |       |       |       |   270 |       |       |       ||   270
         Scimitar          |       |       |       |       |    39 |       |       |       ||    39
  Throw: Throwing net      |       |       |       |     1 |       |       |       |       ||     1
 Invoke: Heroism           |       |       |       |     8 |    14 |    10 |    12 |     5 ||    49
  Evoke: Wand              |       |       |     1 |     2 |    19 |     1 |     1 |       ||    24
    Use: Scroll            |     4 |       |       |    23 |     5 |     7 |     7 |     3 ||    49
         Potion            |       |       |       |     2 |     2 |     6 |     7 |     6 ||    23
   Stab: Invisible         |       |       |       |       |     1 |       |       |       ||     1
         Confused          |       |       |       |       |       |       |       |     2 ||     2
         Distracted        |       |       |       |       |       |       |       |     1 ||     1
 Armour: Scale mail        |    31 |    27 |       |       |       |       |       |       ||    58
         Chain mail        |       |    10 |    84 |   231 |       |       |       |       ||   325
         Crystal plate arm |       |       |       |    16 |   619 |   630 |  1278 |   104 ||  2647
  Dodge: Dodged            |    30 |    53 |   101 |   124 |    59 |   191 |   480 |    38 ||  1076
  Block: Buckler           |    14 |    36 |    40 |   139 |       |       |       |       ||   229
         Kite shield       |       |       |       |   531 |  2617 |  1069 |  1719 |       ||  5936
         Reflection        |       |       |       |    22 |    96 |    99 |    44 |    13 ||   274
         Tower shield      |       |       |       |       |       |   298 |   932 |   417 ||  1647
